 Dungeon Crawl Stone Soup version 0.28-a0-622-gbaef9634d7 (webtiles) character file.

Game seed: 12872627759715500052

60 KristoblXynda the Chopper (level 3, -1/28 HPs)
             Began as a Demonspawn Gladiator on Oct 7, 2021.
             Killed by divine providence
             ... invoked by an orc priest
              (15 damage)
             ... on level 3 of the Dungeon.
             The game lasted 00:02:30 (2603 turns).

KristoblXynda the Chopper (Demonspawn Gladiator)    Turns: 2603, Time: 00:02:31

Health: -1/28      AC: 11    Str: 15    XL:     3   Next: 80%
Magic:  3/3        EV: 11    Int:  9    God:
Gold:   25         SH:  6    Dex: 14    Spells: 2/2 levels left

rFire   . . .      SeeInvis .   a - +0 war axe
rCold   . . .      Faith    .   (no shield)
rNeg    . . .      Spirit   .   j - +0 ring mail
rPois   .          Reflect  .   c - +1 helmet
rElec   .          Harm     .   s - +1 cloak
rCorr   .          Rampage  .   (no gloves)
Will    .....                   q - +1 pair of boots
Stlth   +.........              m - amulet of the acrobat
HPRegen 0.09/turn               (no ring)
MPRegen 0.08/turn               (no ring)

@: no status effects
A: large bone plates 2
a: no special abilities


You were on level 3 of the Dungeon.
You visited 1 branch of the dungeon, and saw 3 of its levels.

You collected 25 gold pieces.

Inventory:

Hand Weapons
 a - a +0 war axe (weapon)
Missiles
 d - 3 throwing nets (quivered)
Armour
 c - a +1 helmet (worn)
 j - a +0 ring mail (worn)
 q - a +1 pair of boots (worn)
 s - a +1 cloak (worn)
Jewellery
 m - an amulet of the acrobat (around neck)
Scrolls
 f - 5 scrolls of teleportation
 k - a scroll of blinking {unknown}
 l - a scroll of identify {unknown}
 n - a scroll of vulnerability {unknown}
 p - a scroll of amnesia {unknown}
 r - a scroll of enchant weapon {unknown}
Potions
 b - a potion of attraction {unknown}
 g - 3 potions of haste {unknown}
 h - a potion of invisibility {unknown}
 i - 2 potions of mutation {unknown}
 o - a potion of cancellation {unknown}


   Skills:
 + Level 2.5 Fighting
 * Level 3.3 Axes
 - Level 2.0 Throwing
 + Level 0.7 Armour
 + Level 3.1 Dodging


You had 2 spell levels left.
You didn't know any spells.
Your spell library was empty.

Dungeon Overview and Level Annotations

Branches:
Dungeon (3/15)

Altars:
The Shining One


Innate Abilities, Weirdness & Mutations

You are mostly covered in large bone plates. (SH +6)


Message History

The orc wizard points at you and mumbles some strange words.
The puff of flame hits you.
As you read the scroll labelled XIRPHI SYISE, it crumbles to dust.
You feel strangely unstable.
It was a scroll of teleportation.
Unknown command.
Okay, then.
As you read the scroll labelled NOFILIOFAL, it crumbles to dust.
It is a scroll of enchant armour.
Your +0 helmet glows green for a moment.
The orc priest looks encouraged for a moment.
As you read the scroll of enchant armour, it crumbles to dust.
Your +0 cloak glows green for a moment.
Unknown command.
You barely miss the orc. You slash the orc priest!
Your surroundings suddenly seem different.
Unknown command.
There is a stone staircase leading up here.
You now have 25 gold pieces (gained 8).
There is a stone staircase leading up here.
Found a whip.
Key pressed, stopping explore.
You see here 2 large rocks.
An orc priest is nearby!
The orc priest shouts!
Unknown command.
The orc shouts!
The orc wizard shouts!
The orc priest shouts!
The orc priest calls down the wrath of Beogh upon you.
Pain shoots through your body! The orc priest closely misses you.
You completely miss the orc priest. The orc priest barely misses you. x2
You hit the orc priest.
The orc priest is moderately wounded.
You hit the orc. The orc completely misses you.
The orc priest mumbles some strange prayers to Beogh against you.
Pain shoots through your body!
The orc priest calls down the wrath of Beogh upon you.
Beogh smites you!
Ouch! That really hurt!
You die...

........# #.........# ........#
#......... ........#####
#....o..# #.#...#.(...#
#.....o.# #.#.#.#..##.#
#....oo.##.###
............############........
#..........###.........#.######.
.........<...>...o.......#
#.#.#.####..#...@oo......#
.................o...##..#
....#.#####.#..#####.##..#
#...#.# #..#.## #.##....
###.#.######'#..# #.###.###
....#.#.........## #.. ..#
###.#.#..........# ### ###
#.#.#.(........##
#.#.#...........#


You could see 2 orc priests, an orc wizard and an orc.

Vanquished Creatures
  2 worms (D:2)
  3 dart slugs
  3 endoplasms (D:2)
  2 giant cockroaches
  9 goblins
  2 hobgoblins (D:1)
  2 jackals (D:2)
  A quokka (D:1)
  4 ball pythons
  4 bats
  5 frilled lizards
  3 kobolds
  6 rats
46 creatures vanquished.

Notes
Turn   | Place    | Note
-------+----------+-------------------------------------------
     0 | D:1      | KristoblXynda the Demonspawn Gladiator began the quest for
                  | the Orb.
     0 | D:1      | Reached XP level 1. HP: 16/16 MP: 1/1
   159 | D:1      | Gained mutation: You are partially covered in large bone
                  | plates. (SH +4) [demonic ancestry]
   159 | D:1      | Reached XP level 2. HP: 22/22 MP: 2/2
   914 | D:2      | Gained mutation: You are mostly covered in large bone
                  | plates. (SH +6) [demonic ancestry]
   914 | D:2      | Reached XP level 3. HP: 28/28 MP: 3/3
  1508 | D:2      | Found a faded altar of an unknown god.
  2603 | D:3      | Killed from afar by an orc priest

Illustrated notes

Levels and vault maps discovered:
D:1:      scummos_arrival_simple_fountains, layout_rooms
D:2:      layout_loops_corners, hellmonk_ecumenical_altar_run_dry
D:3:      layout_basic, tso_oasis_becter, ebering_dispersal_statue_hall

Skill      XL: |  1  2 |
---------------+-------+-----
Throwing       | 2 |  2.0
Axes           | 3 |  3.3
Dodging        | 3 |  3.1
Fighting       | |  2.5
Armour         | |  0.7

Action                   || total
-------------------------++-------
Melee: War axe           ||   147
  Use: Scroll            ||     3
 Stab: Sleeping          ||     1
Armor: Leather armour    ||    14
       Ring mail         ||    25
Dodge: Dodged            ||    92
Block: Other             ||    42

Table legend: (Time is in decaauts)
 A = Elapsed time spent in this place.
 B = Non-inter-level travel time spent in this place.
 C = Inter-level travel time spent in this place.
 D = Time resting spent in this place.
 E = Time spent auto-exploring this place.
 F = Levels seen in this place.
 G = Mean time per level.
                   A        B        C        D        E       F      G
               +--------+--------+--------+--------+--------+-----+--------+
         Total |   2653 |   2586 |     67 |     43 |   2116 |   3 |  884.3 |
       Dungeon |   2653 |   2586 |     67 |     43 |   2116 |   3 |  884.3 |
               +--------+--------+--------+--------+--------+-----+--------+

Top non-repeatable levels by time:
     D:2: 1360 daAuts
     D:3: 678 daAuts
     D:1: 614 daAuts
